[Event "*** SCC Grand Prix: Titled Tuesday Blitz"]
[Site "Chess.com"]
[Date "2020.09.29"]
[Round "2"]
[White "canary2016"]
[Black "ljuks68"]
[Result "0-1"]
[WhiteElo "1909"]
[BlackElo "2364"]
[TimeControl "180+1"]
[EndTime "10:15:26 PDT"]
[Termination "ljuks68 won by checkmate"]

1. d4 d5 2. Bf4 Nf6 3. e3 c5 4. c3 Nc6 5. Nd2 Qb6 6. Qb3 c4 7. Qc2 Bg4 8. h3 Bh5 9. e4 Bg6 10. f3 e5 11. Be3 exd4 12. Bxd4 Nxd4 13. cxd4 Qxd4 14. Qa4+ Nd7 15. exd5 Qxb2 16. Qd1 Bb4 17. Rc1 c3 18. Qe2+ Kf8 19. Nb3 Re8 20. Kf2 Rxe2+ 21. Nxe2 Nc5 22. Nxc5 Bxc5+ 23. Kg3 c2 24. Re1 Qe5+ 25.
f4 Qe3+ 26. Kh2 Qd2 27. Nc1 Qxe1 28. Bb5 Qd2 29. Nd3 Bxd3 30. Bxd3 Qxf4+ 31. g3 Qf2# 0-1

[Event "*** SCC Grand Prix: Titled Tuesday Blitz"]
[Site "Chess.com"]
[Date "2020.09.29"]
[Round "2"]
[White "Orest_Vovk"]
[Black "WarEmblem"]
[Result "1-0"]
[WhiteElo "2398"]
[BlackElo "2107"]
[TimeControl "180+1"]
[EndTime "10:15:27 PDT"]
[Termination "Orest_Vovk won on time"]

1. h4 e5 2. h5 h6 3. Nc3 Nc6 4. Nf3 d5 5. e4 d4 6. Ne2 Nf6 7. Ng3 Bg4 8. Bc4 Qd7 9. d3 Bd6 10. Bd2 a6 11. a3 Ne7 12. Qb1 Bxf3 13. gxf3 b5 14. Bb3 c5 15. Qa2 O-O 16. Rg1 Kh7 17. Bxf7 c4 18. Bg6+ Kh8 19. Nf5 Nxf5 20. Bxf5 Qc6 21.
Rg6 c3 22. bxc3 dxc3 23. Bxh6 gxh6 24. Rxh6+ Kg7 25. Rg6+ Kh8 26. Ke2 Nh7 27. Rag1 Rxf5 28. exf5 Rf8 29. Qg8+ 1-0

[Event "*** SCC Grand Prix: Titled Tuesday Blitz"]
[Site "Chess.com"]
[Date "2020.09.29"]
[Round "2"]
[White "Unknown_IM"]
[Black "MasterKroket"]
[Result "1-0"]
[WhiteElo "2309"]
[BlackElo "2441"]
[TimeControl "180+1"]
[EndTime "10:15:30 PDT"]
[Termination "Unknown_IM won by resignation"]

1. e4 c5 2. Nf3 e6 3. c3 Nf6 4. e5 Nd5 5. d4 cxd4 6. cxd4 Nc6 7. a3 d6 8. Bd3 dxe5 9. dxe5 Be7 10. O-O b6 11. Bd2 Bb7 12. Nc3 Nxc3 13. Bxc3 Rc8 14. Rc1 h6 15. Qe2 Qc7 16. Rfd1 Qb8 17. b4 a5 18. b5 Na7 19. a4 Bd5 20. Bb2 O-O 21. Bb1 Rxc1 22. Rxc1 Rc8 23. Qd3 g6 24. h3 Rxc1+ 25.
Bxc1 Qc7 26. Bxh6 Bc4 27. Qc2 Qc5 28. Be3 Qd5 29. Bxb6 Nc8 30. Be3 Bd8 31. Qd2 Nb6 32.
Qxd5 Bxd5 33. Nd4 Nxa4 34. Bd3 Nc3 35. Bd2 Na2 36. Nc6 Bc7 37. Bxa5 Bxc6 38. Bxc7 Bb7 39. Ba5 Nc1 40. Bc4 Kf8 41. Bd2 Kg8 42. Bxc1 1-0

[Event "*** SCC Grand Prix: Titled Tuesday Blitz"]
[Site "Chess.com"]
[Date "2020.09.29"]
[Round "2"]
[White "Piotrek1979"]
[Black "Sacbutt"]
[Result "1-0"]
[WhiteElo "2452"]
[BlackElo "2280"]
[TimeControl "180+1"]
[EndTime "10:15:32 PDT"]
[Termination "Piotrek1979 won by resignation"]

1. Nf3 e6 2. b3 b6 3. Bb2 Bb7 4. c4 d5 5. e3 Nf6 6. Be2 Be7 7.
O-O O-O 8. d3 c5 9. Nbd2 Nc6 10.
a3 Qc7 11. Rc1 Rad8 12. Rc2 h6 13. Qa1 Ne8 14. cxd5 exd5 15. Rfc1 Bf6 16. b4 cxb4 17. axb4 Bxb2 18. Qxb2 Qb8 19. Rxc6 Bxc6 20. Rxc6 Nf6 21. b5 Rfe8 22. d4 Re6 23. Rxe6 fxe6 24. Ne5 Rc8 25. Nc6 Qc7 26. Nf3 a6 27. Nfe5 axb5 28. Qxb5 Ne4 29.
Bg4 Re8 30. Bh5 Rf8 31. f3 Nd6 32. Qb4 Ra8 33. h3 Ra1+ 34. Kh2 Nc4 35. Ne7+ Kh7 36. Ng6 Ra8 37. f4 Nd6 38. Bg4 Re8 39. Bxe6 1-0

[Event "*** SCC Grand Prix: Titled Tuesday Blitz"]
[Site "Chess.com"]
[Date "2020.09.29"]
[Round "2"]
[White "kreonx"]
[Black "annacramling"]
[Result "0-1"]
[WhiteElo "2362"]
[BlackElo "2030"]
[TimeControl "180+1"]
[EndTime "10:15:32 PDT"]
[Termination "annacramling won by checkmate"]

1. e4 c5 2. c4 Nc6 3. Nc3 g6 4.
g3 Bg7 5. Bg2 d6 6. Nge2 e6 7.
Rb1 Nge7 8. a3 a5 9. Nb5 O-O 10.
d4 cxd4 11. Nexd4 Ne5 12. Qe2 Qb6 13. f4 Ng4 14. Qxg4 Bxd4 15. Nxd4 Qxd4 16. Qe2 d5 17.
cxd5 exd5 18. Be3 Qa4 19. e5 d4 20. Bf2 Bf5 21. Rd1 d3 22. Qe3 Rfd8 23. g4 Bxg4 24. Rxd3 Qd1+ 25. Rxd1 Rxd1# 0-1

[Event "*** SCC Grand Prix: Titled Tuesday Blitz"]
[Site "Chess.com"]
[Date "2020.09.29"]
[Round "2"]
[White "floplover"]
[Black "LawrenceTrent"]
[Result "0-1"]
[WhiteElo "2305"]
[BlackElo "2509"]
[TimeControl "180+1"]
[EndTime "10:15:34 PDT"]
[Termination "LawrenceTrent won by resignation"]

1. d4 d5 2. c4 e5 3. dxe5 d4 4. a3 Nc6 5. e3 Nh6 6. exd4 Qxd4 7. Nf3 Qxd1+ 8. Kxd1 Ng4 9. Be3 Nxe3+ 10. fxe3 Bg4 11. Bd3 O-O-O 12. Ke2 Nxe5 13. Rd1 Be7 14. Nc3 c6 15. Ne4 Rhe8 16. Nf2 Bh5 17. Bf5+ Kc7 18. g4 Nxf3 19. Kxf3 Bg6 20. Bxg6 hxg6 21. Rxd8 Rxd8 22. Rd1 Rh8 23. h3 Bf6 24. b3 a5 25. a4 Re8 26. Rd3 Be7 27. Ne4 Rh8 28. Nf2 f5 29. e4 Rf8 30. exf5 gxf5 31. gxf5 Rxf5+ 32. Ke2 g5 33. Rf3 Re5+ 34. Re3 Rxe3+ 35. Kxe3 Kd6 36.
Kf3 Kc5 37. Nd3+ Kd4 38. Ke2 Kc3 39. Ke3 Kxb3 0-1

[Event "*** SCC Grand Prix: Titled Tuesday Blitz"]
[Site "Chess.com"]
[Date "2020.09.29"]
[Round "2"]
[White "mamey78"]
[Black "TimKett"]
[Result "1-0"]
[WhiteElo "2406"]
[BlackElo "2155"]
[TimeControl "180+1"]
[EndTime "10:15:35 PDT"]
[Termination "mamey78 won by resignation"]

1. e4 e5 2. Nf3 Nc6 3. Bb5 a6 4.
Ba4 Nf6 5. O-O Be7 6. Re1 b5 7.
Bb3 d6 8. c3 O-O 9. h3 Nb8 10.
d4 Nbd7 11. Nbd2 Bb7 12. Bc2 Re8 13. Nf1 Bf8 14. Ng3 g6 15. a4 c5 16. Bg5 h6 17.
Bd2 cxd4 18. cxd4 exd4 19. Nxd4 Nc5 20. axb5 axb5 21. Rxa8 Qxa8 22. Nxb5 Qb8 23. Bc3 Nfxe4 24. Nxe4 Nxe4 25. Bxe4 Rxe4 26. Rxe4 Bxe4 27. Qd4 f5 28. Qh8+ Kf7 29. Qf6+ Ke8 30. Qxg6+ Kd7 31. Qf7+ Be7 32. Nd4 Qf8 33. Qe6+ Ke8 34. Nb5 1-0

[Event "*** SCC Grand Prix: Titled Tuesday Blitz"]
[Site "Chess.com"]
[Date "2020.09.29"]
[Round "2"]
[White "latixxa"]
[Black "mjray79"]
[Result "0-1"]
[WhiteElo "2177"]
[BlackElo "2409"]
[TimeControl "180+1"]
[EndTime "10:15:36 PDT"]
[Termination "mjray79 won by resignation"]

1. Nf3 Nf6 2. c4 g6 3. Nc3 Bg7 4. d4 d6 5. e4 O-O 6. Be2 e5 7. dxe5 dxe5 8. Qxd8 Rxd8 9. Bg5 c6 10. Nxe5 Re8 11. f4 Nfd7 12. Nxd7 Nxd7 13. Bd3 Nc5 14. Kd2 Be6 15. e5 Rad8 16. Bxd8 Rxd8 17. Ke2 Nxd3 18.
g3 Nxb2 19. Rab1 Bxc4+ 20. Ke3 Rd3+ 21. Kf2 Rxc3 22. Rxb2 Bf8 23. Rd1 Bc5+ 24. Kg2 Bd5+ 25. Kh3 b6 26. a4 h5 27. f5 gxf5 28. Kh4 Rc4+ 29. Kh3 f4 30. Rf1 f3 31. Rb3 Be6+ 0-1

[Event "*** SCC Grand Prix: Titled Tuesday Blitz"]
[Site "Chess.com"]
[Date "2020.09.29"]
[Round "2"]
[White "Sven_Tica"]
[Black "Ladislav1969"]
[Result "1-0"]
[WhiteElo "2656"]
[BlackElo "2357"]
[TimeControl "180+1"]
[EndTime "10:15:37 PDT"]
[Termination "Sven_Tica won on time"]

1. d4 Nf6 2. c4 g6 3. Nc3 d5 4. Bf4 Bg7 5. e3 O-O 6. Rc1 c5 7. dxc5 Qa5 8. cxd5 Ne4 9. Ne2 Nd7 10. Qa4 Qxa4 11.
Nxa4 b5 12. Nac3 Ndxc5 13. Nxe4 Nd3+ 14. Kd2 Nxc1 15. Nxc1 Bf5 16. Nc3 b4 17. Na4 Rfd8 18. Bc4 e6 19. f3 exd5 20. Bd3 Bd7 21. Nc5 Bxb2 22. Nxd7 Rxd7 23. Nb3 Rc8 24. Ba6 Bc3+ 25. Kd3 Rf8 26. Bb5 Rdd8 27. Nc5 a5 28. Rc1 1-0

[Event "*** SCC Grand Prix: Titled Tuesday Blitz"]
[Site "Chess.com"]
[Date "2020.09.29"]
[Round "2"]
[White "jamalm2"]
[Black "Rap_woyska"]
[Result "0-1"]
[WhiteElo "1715"]
[BlackElo "2358"]
[TimeControl "180+1"]
[EndTime "10:15:39 PDT"]
[Termination "Rap_woyska won on time"]

1. d4 Nf6 2. c4 g6 3. Nf3 Bg7 4. Nc3 d5 5. cxd5 Nxd5 6. e4 Nxc3 7. bxc3 c5 8. Be3 O-O 9. Bc4 Nc6 10. Rb1 Bg4 11. Rxb7 Na5 12. Bd5 e6 13. Rxf7 Rxf7 14. Bxa8 Qxa8 15. e5 Nc4 16. O-O Qe4 17. Ng5 Nxe3 18.
Nxe4 Nxd1 0-1

[Event "*** SCC Grand Prix: Titled Tuesday Blitz"]
[Site "Chess.com"]
[Date "2020.09.29"]
[Round "2"]
[White "WiktoriaPOL"]
[Black "UmarovSabir"]
[Result "0-1"]
[WhiteElo "2053"]
[BlackElo "2379"]
[TimeControl "180+1"]
[EndTime "10:15:40 PDT"]
[Termination "UmarovSabir won by resignation"]

1. c4 g6 2. Nc3 Bg7 3. g3 e5 4.
Bg2 Nc6 5. e4 d6 6. Nge2 Be6 7.
d3 Qd7 8. O-O Bh3 9. Nd5 O-O-O 10.
Rb1 h5 11. f3 h4 12. g4 Bxg2 13. Kxg2 h3+ 14. Kg3 f5 15. exf5 gxf5 16. g5 Nge7 17. f4 Nxd5 18. cxd5 Ne7 19. Qb3 e4 20. dxe4 fxe4 21.
Be3 Kb8 22. Nd4 Bxd4 23. Bxd4 Nf5+ 24. Kf2 Nxd4 25. Qb4 Nf5 26. Rbc1 Rh4 27. Ke1 Ne3 28. Rf2 Ng2+ 29. Kf1 e3 30. Rf3 Rf8 31. Rc4 Qg4 32. Rg3 Qd1+ 0-1

[Event "*** SCC Grand Prix: Titled Tuesday Blitz"]
[Site "Chess.com"]
[Date "2020.09.29"]
[Round "2"]
[White "alexrustemov"]
[Black "Djager97"]
[Result "1-0"]
[WhiteElo "2738"]
[BlackElo "2480"]
[TimeControl "180+1"]
[EndTime "10:15:45 PDT"]
[Termination "alexrustemov won by resignation"]

1. d4 Nf6 2. Nf3 c5 3. d5 d6 4. c4 g6 5. Nc3 Bg7 6. h3 O-O 7. e4 e6 8. Bd3 exd5 9. cxd5 Re8 10. O-O Nbd7 11. Bf4 c4 12. Bc2 Nc5 13. Re1 b5 14. a3 a6 15. Nd4 Bb7 16. Qd2 Nh5 17. Be3 Nf6 18. f3 Nh5 19. g4 Nf6 20. Rad1 h5 21.
Kg2 hxg4 22. hxg4 Nfd7 23. Rh1 Ne5 24. Rh3 Ncd3 25. Bxd3 Nxd3 26. Rdh1 Qf6 27. Nde2 a5 28.
Bd4 Qxd4 29. Nxd4 Bxd4 30. Rh7 b4 31. Qh6 1-0

[Event "*** SCC Grand Prix: Titled Tuesday Blitz"]
[Site "Chess.com"]
[Date "2020.09.29"]
[Round "2"]
[White "AndrewMaco"]
[Black "markberk"]
[Result "1-0"]
[WhiteElo "2666"]
[BlackElo "2366"]
[TimeControl "180+1"]
[EndTime "10:15:47 PDT"]
[Termination "AndrewMaco won on time"]

1. e4 c6 2. d4 d5 3. e5 c5 4.
dxc5 Nc6 5. Nf3 Bg4 6. a3 e6 7. b4 a6 8. Bb2 Nh6 9. Nbd2 Be7 10.
h3 Bxf3 11. Nxf3 O-O 12. Bd3 f6 13. O-O fxe5 14. Nxe5 Bf6 15. Re1 Nxe5 16. Bxe5 Bxe5 17. Rxe5 Rxf2 18. Qe1 Qf6 19. Rxe6 Qd4 20. Kh1 Raf8 21.
Rd1 Qh4 22. Re8 Rxe8 23. Qxe8+ Rf8 24. Qe6+ Kh8 25. Qxd5 Ng4 26. Rf1 Nf2+ 27. Kg1 Qg3 28. Qe6 1-0

[Event "*** SCC Grand Prix: Titled Tuesday Blitz"]
[Site "Chess.com"]
[Date "2020.09.29"]
[Round "2"]
[White "Misticpikachu"]
[Black "Sergey85Rodchenkov"]
[Result "1-0"]
[WhiteElo "2309"]
[BlackElo "2444"]
[TimeControl "180+1"]
[EndTime "10:15:48 PDT"]
[Termination "Misticpikachu won by resignation"]

1. c4 Nf6 2. Nc3 d5 3. cxd5 Nxd5 4. g3 Nc6 5. Bg2 Nb6 6. Nf3 g6 7. O-O Bg7 8. a3 a5 9. d3 O-O 10. Be3 e5 11. Qd2 Re8 12. Bh6 a4 13. Bxg7 Kxg7 14.
Rac1 Nd4 15. Nxd4 exd4 16. Ne4 c6 17. Qb4 h6 18. e3 Re7 19. Rfe1 Bf5 20. Nc5 Qd6 21.
e4 Bc8 22. Qxb6 h5 23. f4 h4 24. e5 Qb8 25. Qd8 Qc7 26. Qxc7 Rxc7 27. Rc4 b6 28. Rxa4 Rb8 29. Na6 Bxa6 30. Rxa6 c5 31. Rc1 Rd7 32. b4 cxb4 33. axb4 Kf8 34. Rc6 Rc8 35.
Rxc8+ 1-0

[Event "*** SCC Grand Prix: Titled Tuesday Blitz"]
[Site "Chess.com"]
[Date "2020.09.29"]
[Round "2"]
[White "zmeeed67"]
[Black "RU_B9"]
[Result "1-0"]
[WhiteElo "2364"]
[BlackElo "1886"]
[TimeControl "180+1"]
[EndTime "10:15:48 PDT"]
[Termination "zmeeed67 won on time"]

1. e4 c5 2. g3 g6 3. Bg2 Bg7 4.
Ne2 Nc6 5. O-O e5 6. Nbc3 d6 7. a3 h5 8. h3 Nge7 9. Rb1 h4 10. g4 f5 11. exf5 gxf5 12. gxf5 Bxf5 13. d3 Qd7 14. Kh2 O-O-O 15. Ne4 Rdg8 16. b4 b6 17. Bg5 Qe6 18.
bxc5 dxc5 19. f4 Ng6 20. Qd2 Nd4 21. Nxd4 exd4 22. Rbe1 Qd7 23. Qf2 Rf8 24. Qf3 1-0

[Event "*** SCC Grand Prix: Titled Tuesday Blitz"]
[Site "Chess.com"]
[Date "2020.09.29"]
[Round "2"]
[White "AleksanderHnydiuk"]
[Black "TimofeevAr"]
[Result "0-1"]
[WhiteElo "2544"]
[BlackElo "2870"]
[TimeControl "180+1"]
[EndTime "10:15:55 PDT"]
[Termination "TimofeevAr won on time"]

1. e4 c5 2. Nf3 d6 3. d4 cxd4 4. Nxd4 Nf6 5. Nc3 e6 6. Be3 Nc6 7. Qd2 a6 8. O-O-O Qc7 9. f3 Be7 10. g4 O-O 11. g5 Nd7 12. h4 Nde5 13. Kb1 Nxd4 14. Qxd4 Nxf3 15. Qb6 Qxb6 16. Bxb6 Bd7 17. Bc7 Bc6 18. Bxd6 Bxd6 19. Rxd6 Rfd8 20. Rxd8+ Rxd8 21. Kc1 g6 22. Be2 Ne5 23. a4 Kg7 24. b3 h6 25. a5 Rh8 26. gxh6+ Rxh6 27. Kd2 f5 28. Ke3 g5 29. Rg1 Rxh4 30. Rxg5+ Kf6 31. Rg8 Bxe4 32. Nxe4+ Rxe4+ 33. Kd2 Rd4+ 34. Ke3 Rd7 35.
c4 Nc6 0-1

[Event "*** SCC Grand Prix: Titled Tuesday Blitz"]
[Site "Chess.com"]
[Date "2020.09.29"]
[Round "2"]
[White "Marcin"]
[Black "K_A_S_T_O_R"]
[Result "0-1"]
[WhiteElo "2471"]
[BlackElo "2714"]
[TimeControl "180+1"]
[EndTime "10:15:57 PDT"]
[Termination "K_A_S_T_O_R won by resignation"]

1. d4 d5 2. c4 c6 3. Nf3 Nf6 4.
e3 Bg4 5. Nc3 e6 6. Qb3 Qb6 7. c5 Qc7 8. Ne5 Bf5 9. f4 Nbd7 10.
Bd2 Nxe5 11. fxe5 Ne4 12. Bd3 Nxc5 13. dxc5 Bxd3 14. Nxd5 exd5 15. Qxd3 Qxe5 16. Bc3 Qg5 17. Bd4 Qxg2 18. O-O-O Qe4 19. Qa3 f6 20. Rhg1 Kf7 21. Qb3 Rb8 22. Rg3 Be7 23. Rdg1 g6 24. Rf1 Rhf8 25. Rgf3 Kg8 26. Qa4 Bxc5 27. Rf4 Qe7 28. Bxf6 Qxe3+ 29. Kb1 Rbe8 30. h4 Re4 31. Rxe4 Qxe4+ 32. Qxe4 dxe4 0-1

[Event "*** SCC Grand Prix: Titled Tuesday Blitz"]
[Site "Chess.com"]
[Date "2020.09.29"]
[Round "2"]
[White "alexgo05"]
[Black "vovachesss"]
[Result "0-1"]
[WhiteElo "2418"]
[BlackElo "2686"]
[TimeControl "180+1"]
[EndTime "10:15:57 PDT"]
[Termination "vovachesss won by resignation"]

1. e4 e5 2. Nf3 d5 3. exd5 e4 4. Qe2 Nf6 5. Nc3 Be7 6. Nxe4 O-O 7. d3 Qxd5 8. Nc3 Bb4 9. Be3 Nc6 10. Qd2 Bxc3 11.
Qxc3 Ng4 12. Qb3 Qa5+ 13. Qc3 Qh5 14. O-O-O Re8 15. Re1 a5 16. Bd2 Be6 17. Be2 Nxf2 18. Rhf1 Ng4 19. h3 Nb4 20. hxg4 Nxa2+ 21. Kd1 Nxc3+ 22. Bxc3 Bxg4 23. Rh1 Qc5 24. Rh4 h5 25. Nd4 Qg5 26. Rhh1 Rxe2 27. Nxe2 Re8 28. Rhf1 Qe3 0-1

[Event "*** SCC Grand Prix: Titled Tuesday Blitz"]
[Site "Chess.com"]
[Date "2020.09.29"]
[Round "2"]
[White "blitzking1729"]
[Black "misterlamine"]
[Result "1-0"]
[WhiteElo "2545"]
[BlackElo "2318"]
[TimeControl "180+1"]
[EndTime "10:15:57 PDT"]
[Termination "blitzking1729 won by resignation"]

1. Nf3 Nf6 2. g3 g6 3. Bg2 Bg7 4. O-O O-O 5. d4 d6 6. c4 Nbd7 7. Nc3 e5 8. dxe5 dxe5 9. Bg5 h6 10. Be3 c6 11. h3 Qe7 12. Qc1 Kh7 13. Rd1 Re8 14.
Nd2 Nf8 15. Nde4 Nxe4 16. Nxe4 Be6 17. Bc5 Qc7 18. Qc3 f5 19. Bd6 Qf7 20. Nc5 Bxc4 21. Bxf8 Bxf8 22. Rd7 Re7 23. Rad1 b6 24. Rxe7 Bxe7 25.
Nd7 Bxe2 26. Nxe5 Qe6 27. Re1 Bb5 28. Bxc6 Rc8 29. Bd5 Rxc3 30. Bxe6 Rc2 31. Bb3 Rxb2 32. Nc4 Bxc4 33. Rxe7+ Kh8 34. Bxc4 b5 35. Bb3 a5 36. Rb7 b4 37. Ra7 g5 38. Rxa5 f4 39.
gxf4 gxf4 40. Rf5 1-0

[Event "*** SCC Grand Prix: Titled Tuesday Blitz"]
[Site "Chess.com"]
[Date "2020.09.29"]
[Round "2"]
[White "Rytenko_V"]
[Black "Supernotar"]
[Result "0-1"]
[WhiteElo "2510"]
[BlackElo "2810"]
[TimeControl "180+1"]
[EndTime "10:16:01 PDT"]
[Termination "Supernotar won by resignation"]

1. d4 d5 2. c4 dxc4 3. Nf3 Nf6 4. Na3 e6 5. Nxc4 c5 6. e3 Nc6 7. Bd3 cxd4 8. exd4 Bb4+ 9. Bd2 Bxd2+ 10. Qxd2 O-O 11. O-O b6 12. Rac1 Bb7 13. Rfd1 Rc8 14. Qf4 Nd5 15.
Qe4 g6 16. Bb1 Qe7 17. h4 Rfd8 18. Qg4 Qf6 19. Ng5 Qf4 20. Qh3 Nxd4 21. Re1 Ne2+ 22. Kh1 Nxc1 23. Nxe6 Qxf2 24. Rxc1 Ne3 25. Nxd8 Bxg2+ 0-1

[Event "*** SCC Grand Prix: Titled Tuesday Blitz"]
[Site "Chess.com"]
[Date "2020.09.29"]
[Round "2"]
[White "MF1966Idrisov"]
[Black "JRenatoMaranhao"]
[Result "1-0"]
[WhiteElo "2365"]
[BlackElo "1928"]
[TimeControl "180+1"]
[EndTime "10:16:01 PDT"]
[Termination "MF1966Idrisov won on time"]

1. Nf3 Nf6 2. b3 g6 3. Bb2 Bg7 4. c4 O-O 5. g3 c5 6. Bg2 Nc6 7.
O-O b6 8. d4 cxd4 9. Nxd4 Bb7 10. Nc3 Rb8 11. Nd5 e6 12. Nxc6 Bxc6 13. Nxf6+ Bxf6 14. Bxf6 Qxf6 15. Qd6 Bxg2 16. Kxg2 Rb7 17. Rad1 h5 18.
h4 Qf5 19. Rd2 a5 20. Rfd1 Rfb8 21. a4 Rf8 22. f3 Rc8 23. e4 Qf6 24. e5 Qd8 25. Rd3 Rcc7 26. Qd4 Rc6 27. Qe4 Rcc7 28. Kh2 Qe7 29. Rd6 Kg7 30. Qd4 Rc5 31. f4 Rbc7 32. Rxd7 Rxd7 33. Qxd7 Qxd7 34. Rxd7 1-0

[Event "*** SCC Grand Prix: Titled Tuesday Blitz"]
[Site "Chess.com"]
[Date "2020.09.29"]
[Round "2"]
[White "gixfantastix"]
[Black "SanchezKelvin"]
[Result "0-1"]
[WhiteElo "2070"]
[BlackElo "2384"]
[TimeControl "180+1"]
[EndTime "10:16:03 PDT"]
[Termination "SanchezKelvin won on time"]

1. e4 c6 2. Nc3 d6 3. d4 Nd7 4.
Be3 Ngf6 5. f3 g6 6. Qd2 Bg7 7. g4 h5 8. g5 Nh7 9. O-O-O O-O 10.
h4 b5 11. Kb1 a6 12. f4 Nb6 13. Bd3 d5 14. f5 dxe4 15. fxg6 fxg6 16. Bxe4 Bf5 17.
Bxf5 Rxf5 18. Nge2 Nc4 19. Qd3 Rf3 20. Qxg6 Rxe3 21. Qxh5 b4 22. Na4 Qd5 23. Nf4 Qf3 24. Rhf1 Nd2+ 25. Rxd2 Qxf1+ 26. Rd1 Re1 0-1

[Event "*** SCC Grand Prix: Titled Tuesday Blitz"]
[Site "Chess.com"]
[Date "2020.09.29"]
[Round "2"]
[White "Sychev_Klementy"]
[Black "Harry_Rakkel"]
[Result "0-1"]
[WhiteElo "2891"]
[BlackElo "2586"]
[TimeControl "180+1"]
[EndTime "10:16:06 PDT"]
[Termination "Harry_Rakkel won on time"]

1. e4 c5 2. Nf3 d6 3. d4 cxd4 4. Nxd4 Nf6 5. Nc3 a6 6. Bg5 e6 7. f4 Be7 8. Qf3 Qc7 9. O-O-O Nbd7 10. g4 Rb8 11. Bxf6 Bxf6 12. g5 Bxd4 13. Rxd4 b5 14. Bg2 O-O 15. Rhd1 Nc5 16. a3 a5 17.
b3 b4 18. axb4 axb4 19. Na2 Qa5 20. Rxd6 Qxa2 21. Qe3 Bb7 22. Kd2 Rbc8 23. Rc1 Qb2 24. Ke1 Nxb3 25. Rcd1 Rxc2 26. Bf1 Rc3 27. Qb6 Qxh2 28.
Rd8 Qg3+ 29. Ke2 Rc2+ 0-1

[Event "*** SCC Grand Prix: Titled Tuesday Blitz"]
[Site "Chess.com"]
[Date "2020.09.29"]
[Round "2"]
[White "Andreikka"]
[Black "crazy_but_lazy"]
[Result "1-0"]
[WhiteElo "2855"]
[BlackElo "2544"]
[TimeControl "180+1"]
[EndTime "10:16:06 PDT"]
[Termination "Andreikka won by resignation"]

1. c4 e5 2. Nc3 Bb4 3. Nd5 Be7 4. d4 d6 5. e4 c6 6. Nxe7 Qxe7 7. Ne2 Nf6 8. f3 O-O 9. Nc3 a6 10. Be2 exd4 11. Qxd4 Be6 12. O-O h6 13. Bf4 Rd8 14. Rad1 d5 15. e5 Ne8 16. Be3 Nd7 17. cxd5 Bxd5 18. Nxd5 cxd5 19. f4 Nc7 20. Bf3 Rac8 21. Kh1 Nb8 22. Qb6 Ne6 23. Rxd5 Rxd5 24. Bxd5 Nc6 25. f5 Ng5 26. e6 fxe6 27. Bxg5 1-0

[Event "*** SCC Grand Prix: Titled Tuesday Blitz"]
[Site "Chess.com"]
[Date "2020.09.29"]
[Round "2"]
[White "Th3_Hound"]
[Black "Zkid"]
[Result "0-1"]
[WhiteElo "2520"]
[BlackElo "2815"]
[TimeControl "180+1"]
[EndTime "10:16:06 PDT"]
[Termination "Zkid won by resignation"]

1. e4 e6 2. d4 d5 3. Nd2 c5 4.
exd5 Qxd5 5. Ngf3 cxd4 6. Bc4 Qd7 7. O-O Nc6 8. Nb3 Nf6 9. Nbxd4 Nxd4 10. Qxd4 Qxd4 11.
Nxd4 Bd7 12. Bf4 Rc8 13. Bb3 Bc5 14. Rad1 O-O 15. Be5 Rfd8 16. c3 a5 17. a4 Nd5 18.
Nb5 Bc6 19. h3 f6 20. Bd4 Be7 21. Na7 Rb8 22. Rfe1 e5 23. Bb6 Rd7 24. Bxa5 Kf8 25.
Nb5 Ra8 26. Bxd5 Rxa5 27. Bxc6 Rxd1 28. Rxd1 bxc6 29. b4 Rxa4 30. Nc7 Ra3 31. b5 Rxc3 32. b6 Rb3 33. Na8 Bc5 34. Rd8+ Ke7 35. Rb8 Rb1+ 36. Kh2 Bxf2 37. b7 Kf7 38. Rc8 Rxb7 39. Rxc6 e4 40.
Nc7 e3 0-1

[Event "*** SCC Grand Prix: Titled Tuesday Blitz"]
[Site "Chess.com"]
[Date "2020.09.29"]
[Round "2"]
[White "GHANDEEVAM2003"]
[Black "Stouuf"]
[Result "1-0"]
[WhiteElo "3023"]
[BlackElo "2605"]
[TimeControl "180+1"]
[EndTime "10:16:07 PDT"]
[Termination "GHANDEEVAM2003 won by resignation"]

1. b3 d5 2. Bb2 Bg4 3. g3 Nc6 4. h3 Bh5 5. Nf3 f6 6. d4 e5 7.
dxe5 Bxf3 8. exf3 fxe5 9. Bb5 Bd6 10. f4 Qe7 11. O-O O-O-O 12. Bxc6 bxc6 13. fxe5 Bxe5 14. Re1 Bxb2 15. Rxe7 Nxe7 16. Nd2 Bxa1 17. Qxa1 Nf5 18. g4 Nd6 19. Qxg7 h5 20. Qd4 hxg4 21. hxg4 Rhg8 22. f3 a6 23. Qa7 Rde8 24. Qxa6+ Kd7 25. Qd3 Rg7 26.
Kf2 Rh8 27. Nf1 Rh3 28. Kg2 Rh8 29. a4 Re8 30. Kf2 Rge7 31. Ng3 Re1 32. Nh5 R8e7 33. Nf6+ Kc8 34. Qa6+ Kb8 35. Nd7+ Rxd7 36. Kxe1 1-0

[Event "*** SCC Grand Prix: Titled Tuesday Blitz"]
[Site "Chess.com"]
[Date "2020.09.29"]
[Round "2"]
[White "Snegokhod"]
[Black "HouseOfDurin"]
[Result "1-0"]
[WhiteElo "2404"]
[BlackElo "2140"]
[TimeControl "180+1"]
[EndTime "10:16:09 PDT"]
[Termination "Snegokhod won by checkmate"]

1. e4 c5 2. Nf3 Nc6 3. c3 d5 4. exd5 Qxd5 5. d4 Bf5 6. Be2 cxd4 7. cxd4 Bxb1 8. Rxb1 e6 9. O-O Nf6 10. Be3 Be7 11. b3 O-O 12. Bc4 Qd7 13. Ne5 Nxe5 14.
dxe5 Nd5 15. Bxd5 Qxd5 16. Qxd5 exd5 17. Rfd1 Rfd8 18. Rbc1 Rd7 19. Kf1 b6 20. Rc6 Rad8 21. Bd4 Bb4 22. Rdc1 Kf8 23. Ke2 Ke7 24. f4 h6 25. f5 Bc5 26. Bxc5+ bxc5 27. R1xc5 d4 28. Kd3 Rg8 29. Rc7 Rd8 30. Rxd7+ Rxd7 31. Rc4 Rd5 32. Ke4 Ra5 33. a4 f6 34. e6 Re5+ 35. Kf4 d3 36. Rd4 Re2 37. Rxd3 Rxg2 38. Rd7+ Kf8 39.
Rf7+ Kg8 40. Rxa7 Re2 41. h4 Kh7 42. h5 Re1 43. b4 Re2 44. b5 Rb2 45. Ra8 Rb4+ 46.
Ke3 Rg4 47. e7 g6 48. e8=Q Re4+ 49. Kxe4 gxf5+ 50. Kd5 f4 51. Qg6# 1-0

[Event "*** SCC Grand Prix: Titled Tuesday Blitz"]
[Site "Chess.com"]
[Date "2020.09.29"]
[Round "2"]
[White "Kildepiotr"]
[Black "Shield12"]
[Result "1/2-1/2"]
[WhiteElo "2552"]
[BlackElo "2850"]
[TimeControl "180+1"]
[EndTime "10:16:11 PDT"]
[Termination "Game drawn by agreement"]

1. Nf3 c5 2. g3 g6 3. Bg2 Bg7 4.
O-O Nc6 5. c3 e5 6. e4 Nge7 7.
Na3 O-O 8. d4 exd4 9. cxd4 Nxd4 10. Nxd4 cxd4 11. Bf4 d5 12. Nb5 dxe4 13. Bxe4 Bf5 14.
Bxb7 Qb6 15. Bxa8 Rxa8 16. a4 a6 17. Nc7 Rc8 18. a5 Qb7 19. Rc1 Bh3 20. f3 Bxf1 21. Qxf1 g5 22. Bxg5 Rxc7 23. Rxc7 Qxc7 24. Qxa6 h6 25.
Bxe7 Qxe7 26. Qc8+ Bf8 27. a6 d3 28. Qg4+ Qg5 29.
Qxg5+ hxg5 30. Kf1 Bc5 31. b4 Be3 32. Ke1 Kf8 33.
b5 Ke7 34. b6 Bxb6 35. Kd2 Kd6 36. Kxd3 Kc6 37. Ke4 Bd8 38. f4 gxf4 39. Kxf4 Kb6 40. Kf5 Kxa6 41. h4 Kb7 42. h5 Be7 43. h6 Bf8 44.
Kf6 Bxh6 45. Kxf7 Kc6 46. g4 1/2-1/2

[Event "*** SCC Grand Prix: Titled Tuesday Blitz"]
[Site "Chess.com"]
[Date "2020.09.29"]
[Round "2"]
[White "ENajer77"]
[Black "kleopl"]
[Result "1-0"]
[WhiteElo "2703"]
[BlackElo "2457"]
[TimeControl "180+1"]
[EndTime "10:16:12 PDT"]
[Termination "ENajer77 won by resignation"]

1. e4 c6 2. d4 d5 3. e5 Bf5 4.
h4 h5 5. Bd3 Bxd3 6. Qxd3 Qa5+ 7. Bd2 Qa6 8. e6 Qxd3 9. exf7+ Kxf7 10. cxd3 Nd7 11. Nf3 c5 12. dxc5 Nxc5 13. Ke2 Nf6 14. Ne5+ Ke6 15. Ng6 Rg8 16. Be3 Ncd7 17. Rc1 Kf7 18.
Nxf8 Rgxf8 19. Rc7 b6 20. Na3 Rfc8 21. Rac1 Rxc7 22.
Rxc7 Ke6 23. Nb5 a6 24. Nd4+ Kf7 25. Bg5 Nc5 26. Nc6 Re8 27. b4 Ne6 28. Rb7 b5 29. Ra7 g6 30. Rxa6 Rc8 31. Ne5+ Kg7 32. Rxe6 1-0